 Dungeon Crawl Stone Soup version 0.27-a0-1456-gf5a116941d (webtiles) character file.

Game seed: 1909777796757807937

454 wesbby the Cudgeller (level 7, 0/66 HPs)
             Began as a Gargoyle Berserker on July 6, 2021.
             Was a Believer of Trog.
             Splashed by Ijyb's acid (12 damage)
             ... on level 4 of the Dungeon.
             The game lasted 00:05:36 (4423 turns).

wesbby the Cudgeller (Gargoyle Berserker)           Turns: 4423, Time: 00:05:36

Health: 0/66       AC:  4    Str: 23 (25) XL:     7   Next: 5%
Magic:  6/6        EV: 12    Int:  5 (7)  God:    Trog [**....]
Gold:   274        SH:  0    Dex:  7 (9)  Spells: 6/6 levels left

rFire    . . .     SeeInvis .   a - +0 mace
rCold    . . .     Faith    .   (no shield)
rNeg     + + .     Spirit   .   b - +0 animal skin
rPois    ∞         Reflect  .   (no helmet)
rElec    +         Harm     .   (no cloak)
rCorr    .         Rampage  .   (no gloves)
Will     .....                  e - +0 pair of boots
Stlth    ..........             (no amulet)
HPRegen  0.21/turn              g - ring of positive energy
MPRegen  0.10/turn              (no ring)

@: berserking, corroded, very quick
A: sickness immunity, AC +4, negative energy resistance 1, electricity
resistance, torment resistance 1, petrification resistance, low mp 1, strong 1
a: Renounce Religion, Berserk, Trog's Hand


You were on level 4 of the Dungeon.
You worshipped Trog.
Trog was pleased with you.
You visited 1 branch of the dungeon, and saw 4 of its levels.

You collected 274 gold pieces.

Inventory:

Hand Weapons
 a - a +0 mace (weapon)
Missiles
 d - 8 boomerangs
 f - 2 silver boomerangs (quivered)
 n - a throwing net
Armour
 b - a +0 animal skin (worn)
 e - a +0 pair of boots (worn)
Jewellery
 g - a ring of positive energy (left hand)
Scrolls
 i - 3 scrolls of identify {unknown}
 j - 2 scrolls of immolation {unknown}
Potions
 c - 5 potions of curing


   Skills:
 * Level 4.8 Fighting
 * Level 5.8 Maces & Flails
 + Level 2.2 Armour
 * Level 3.1 Dodging
 - Level 1.6 Stealth


You had 6 spell levels left.
You didn't know any spells.
Your spell library was empty.

Dungeon Overview and Level Annotations

Branches:
Dungeon (4/15)
 Temple: D:4-7

Altars:
Ashenzari
Makhleb
Xom
Zin

Shops:
D:3 :

Annotations:
D:4 Ijyb


Innate Abilities, Weirdness & Mutations

You are immune to sickness and miasma.
Your stone body is resilient. (AC +4)
You are immune to poison.
You resist negative energy. (rN+)
You are resistant to electric shocks. (rElec)
You are resistant to unholy torment.
You are immune to petrification.
Your magical capacity is low. (-10% MP)
Your muscles are strong. (Str +2)


Message History

You are no longer berserk.
You are exhausted.
You feel yourself slow down.
You start resting.
You feel a little less mighty now.
You start resting.
You feel yourself speed up.
You start resting.
You recover from your berserk rage.
You start resting.
HP restored.
There is an open door here.
You see here a +1 dagger of chaos.
Found 8 boomerangs.
You see here 8 boomerangs.
You see here 8 boomerangs.
d - 8 boomerangs
Found a stone staircase leading down.
Found an escape hatch in the floor.
Ijyb is nearby!
You hit Ijyb but do no damage. Ijyb hits you but does no damage.
You barely miss Ijyb. Ijyb barely misses you.
You closely miss Ijyb. Ijyb hits you but does no damage. x2
You hit Ijyb but do no damage. Ijyb hits you but does no damage.
A red film seems to cover your vision as you go berserk!
You feel yourself moving faster!
You feel mighty! Ijyb hits you with a +0 dagger.
You completely miss Ijyb. You hit Ijyb.
Ijyb is lightly wounded.
Ijyb zaps a wand.
The bolt of acid hits you!!
You are splashed with acid!
You hit Ijyb.
Ijyb is moderately wounded.
Ijyb hits you with a +0 dagger.
You hit Ijyb.
Ijyb is moderately wounded.
Ijyb zaps a wand.
The bolt of acid hits you!
* * * LOW HITPOINT WARNING * * *
The acid corrodes you!
You are splashed with acid!
You die...

#...........#
###...........###
#...............
#.............#
#.............##
##..##'##.......#
##...#.≈≈#.......#
####....#≈≈≈#..g....#
..#..#..#≈≈≈#..#@...# #
#...##..#####..####....#
##..##.........# #....#
#..##.........##.......
##.##..##..###........
##...#.####............
.......# ##.........>.
..>.#..## #...........
........## ##....g.g...


You could see Ijyb.

Vanquished Creatures
  A black bear (D:4)
  A necrophage (D:4)
  A wyvern skeleton (D:3)
  A crimson imp (D:4)
  A bullfrog zombie (D:3)
  A hound (D:4)
  A hound skeleton (D:4)
  5 adders
  3 worms
  A dart slug (D:2)
  4 bats
  4 endoplasms
  A giant cockroach (D:2)
  7 goblins
  A hobgoblin (D:4)
  5 jackals
  4 ball pythons (D:2)
  2 frilled lizards
  10 kobolds
  5 rats
59 creatures vanquished.

Notes
Turn   | Place    | Note
-------+----------+-------------------------------------------
     0 | D:1      | wesbby the Gargoyle Berserker began the quest for the Orb.
     0 | D:1      | Reached XP level 1. HP: 14/14 MP: 1/1
   249 | D:1      | Reached XP level 2. HP: 10/19 MP: 2/2
   749 | D:1      | Found a faded altar of an unknown god.
  1071 | D:2      | Reached XP level 3. HP: 24/24 MP: 3/3
  1592 | D:2      | Reached ** piety under Trog
  1804 | D:2      | Found a glowing silver altar of Zin.
  2064 | D:2      | Gained mutation: You sometimes lose the ability to read
                  | scrolls when taking damage. [potion of mutation]
  2064 | D:2      | Gained mutation: Potions are less effective at restoring
                  | your health. [potion of mutation]
  2125 | D:3      | Reached skill level 1 in Stealth
  2151 | D:3      | Reached skill level 4 in Maces & Flails
  2151 | D:3      | Reached XP level 4. HP: 17/29 MP: 4/4
  2483 | D:3      | HP: 1/43 [wyvern skeleton (13)]
  2485 | D:3      | Reached XP level 5. HP: 1/33 MP: 5/5
  3100 | D:3      | Found a broken altar of Ashenzari.
  3118 | D:3      | Found Qizuyl's Book Boutique.
  3404 | D:4      | Noticed a black bear
  3415 | D:4      | Killed a black bear
  3416 | D:4      | Reached skill level 5 in Maces & Flails
  3416 | D:4      | Reached XP level 6. HP: 35/39 MP: 6/6
  3630 | D:4      | Noticed a necrophage
  3649 | D:4      | Killed a necrophage
  3650 | D:4      | Lost mutation: Potions are less effective at restoring your
                  | health. [potion of mutation]
  3650 | D:4      | Lost mutation: You sometimes lose the ability to read
                  | scrolls when taking damage. [potion of mutation]
  3650 | D:4      | Gained mutation: You are dopey. (Int -2) [potion of
                  | mutation]
  3650 | D:4      | Gained mutation: You are somewhat resistant to further
                  | mutation. [potion of mutation]
  3651 | D:4      | Lost mutation: You are dopey. (Int -2) [potion of mutation]
  3652 | D:4      | Lost mutation: You are somewhat resistant to further
                  | mutation. [potion of mutation]
  3652 | D:4      | Gained mutation: Your muscles are strong. (Str +2) [potion
                  | of mutation]
  3652 | D:4      | Gained mutation: Your magical capacity is low. (-10% MP)
                  | [potion of mutation]
  3751 | D:4      | Noticed Ijyb
  4071 | D:4      | Found a burning altar of Makhleb.
  4072 | D:4      | Found a shimmering altar of Xom.
  4083 | D:4      | Reached XP level 7. HP: 37/44 MP: 6/6
  4423 | D:4      | Splashed by Ijyb's acid

Illustrated notes

Levels and vault maps discovered:
D:1:      evilmike_arrival_rings, layout_basic, basic_ecumenical_altar
D:2:      layout_loops_corners, basic_altar, st_stairs_1,
          minmay_misc_feat_diagonals
D:3:      layout_rooms, overflow_temple_1_default, serial_shops, shop
D:4:      layout_cave_pods, grunt_temple_overflow_champion_of_chaos,
          serial_column_ruins, column_ruins_hut_water,
          column_ruins_circle_small, column_ruins_grid_1, column_ruins_grid_1,
          column_ruins_open_tiny, column_ruins_open_small, uniq_ijyb

Skill      XL: |  1  2  3  4  5  6 |
---------------+-------------------+-----
Stealth        | 1 |  1.6
Maces & Flails | 4 5 |  5.8
Dodging        | 2 3 |  3.1
Fighting       | 4 |  4.8
Armour         | |  2.2

Action                   |  1- 3 |  4- 6 |  7- 9 || total
-------------------------+-------+-------+-------++-------
Melee: Mace              |   107 |   101 |     8 ||   216
Invok: Berserk           |     1 |     5 |     1 ||     7
  Use: Scroll            |     4 |     1 |       ||     5
       Potion            |     2 |     6 |       ||     8
Armor: Animal skin       |    49 |    40 |     4 ||    93
Dodge: Dodged            |    97 |    66 |     1 ||   164

Table legend: (Time is in decaauts)
 A = Elapsed time spent in this place.
 B = Non-inter-level travel time spent in this place.
 C = Inter-level travel time spent in this place.
 D = Time resting spent in this place.
 E = Time spent auto-exploring this place.
 F = Levels seen in this place.
 G = Mean time per level.
                   A        B        C        D        E       F      G
               +--------+--------+--------+--------+--------+-----+--------+
         Total |   4521 |   4262 |    259 |    375 |   3362 |   4 | 1130.2 |
       Dungeon |   4521 |   4262 |    259 |    375 |   3362 |   4 | 1130.2 |
               +--------+--------+--------+--------+--------+-----+--------+

Top non-repeatable levels by time:
     D:3: 1236 daAuts
     D:4: 1140 daAuts
     D:2: 1121 daAuts
     D:1: 1023 daAuts
